 Dungeon Crawl Stone Soup version 0.24-a0-778-g74da537585 (webtiles) character file.

Game seed: 12846594203964078106, levelgen mode: deterministic

9749 Gargoyl the Cleaver (level 11, -3/94 HPs)
             Began as a Centaur Abyssal Knight on Oct 7, 2019.
             Was a High Priest of Lugonu.
             Slain by a komodo dragon (25 damage)
             ... on level 2 of the Lair of Beasts.
             The game lasted 00:19:04 (11904 turns).

Gargoyl the Cleaver (Centaur Abyssal Knight)       Turns: 11904, Time: 00:19:04

Health: -3/94      AC: 19    Str: 23    XL:     11   Next: 27%
Magic:  16/16      EV:  4    Int: 13    God:    Lugonu [*****.]
Gold:   628        SH:  0    Dex: 11    Spells: 10/10 levels left

rFire    . . .     SeeInvis .   y - +1 broad axe
rCold    . . .     Gourm    .   (no shield)
rNeg     . . .     Faith    .   n - +0 plate armour
rPois    +         Spirit   .   (no helmet)
rElec    .         Reflect  .   m - +0 cloak
rCorr    .         Harm     .   (no gloves)
MR       .....                  o - +1 centaur barding
Stlth    ..........             f - amulet of regeneration
HPRegen  0.65/turn              g - +5 ring of strength
MPRegen  0.15/turn              u - ring of poison resistance

@: very quick
A: large, hooves 3, clever 1, deformed body, speed 2, screaming 1, strong 1,
tough skin 3
a: Depart the Abyss, Bend Space, Banish, Corrupt, Enter the Abyss, Renounce
Religion


You were on level 2 of the Lair of Beasts.
You worshipped Lugonu.
Lugonu was extremely pleased with you.
You were hungry.

You visited 2 branches of the dungeon, and saw 11 of its levels.
You visited the Abyss 1 time.
You also visited: Ossuary and Bailey.

You collected 628 gold pieces.

Inventory:

Hand Weapons
 a - a +1 hand axe
 y - a +1 broad axe (weapon)
Missiles
 b - 5 boomerangs (quivered)
Armour
 m - a +0 cloak (worn)
 n - a +0 plate armour (worn)
 o - a +1 centaur barding (worn)
Jewellery
 f - an amulet of regeneration (around neck)
 g - a +5 ring of strength (left hand)
 i - an uncursed ring of resist corrosion
 l - a +3 ring of evasion
 u - a ring of poison resistance (right hand)
Wands
 r - a wand of random effects (19)
 D - a wand of flame (13)
Scrolls
 e - 10 scrolls of teleportation
 h - 11 scrolls of identify
 j - 12 scrolls of remove curse
 t - 3 scrolls of fear
 C - a scroll of magic mapping
Potions
 d - a potion of heal wounds
 k - a potion of might
 p - 2 potions of mutation
 q - a potion of magic
 s - 3 potions of brilliance
 v - 3 potions of curing
 w - a potion of invisibility
 x - a potion of lignification
 z - a potion of agility
 B - a potion of haste
Comestibles
 c - 16 rations


   Skills:
 + Level 8.0 Fighting
 + Level 8.4 Axes
 + Level 3.0 Throwing
 * Level 7.4 Armour
 * Level 4.7 Dodging
 * Level 7.6 Invocations


You had 10 spell levels left.
You didn't know any spells.
Your spell library was empty.

Dungeon Overview and Level Annotations

Branches:
Dungeon (9/15)             Temple (0/1) D:5            Lair (2/6) D:8
Ossuary (visited)          Bailey (visited)
  Swamp: Lair:2-4    Shoals: Lair:2-4     Snake: Lair:2-4    Spider: Lair:2-4
    Orc: D:9-12

Altars:
Fedhas
Sif Muna
Trog


Innate Abilities, Weirdness & Mutations

You have hooves in place of feet.
Armour fits poorly on your strangely shaped body.
You cover ground very quickly.
You have extremely tough skin. (AC +3)
Your mind is acute. (Int +2)
You occasionally shout uncontrollably at your foes.
Your muscles are strong. (Str +2)


Message History

The komodo dragon bites you.
You slash the komodo dragon! You kick the komodo dragon!
The komodo dragon is almost dead.
The komodo dragon bites you! The komodo dragon bites you!!
* * * LOW HITPOINT WARNING * * *
You closely miss the komodo dragon. Your kick misses the komodo dragon.
The komodo dragon is almost dead.
The komodo dragon bites you.
* * * LOW HITPOINT WARNING * * *
You barely miss the komodo dragon. Your kick misses the komodo dragon.
The komodo dragon is almost dead.
The komodo dragon barely misses you.
You barely miss the komodo dragon.
The komodo dragon is almost dead.
The komodo dragon bites you.
* * * LOW HITPOINT WARNING * * *
You barely miss the komodo dragon. Your kick misses the komodo dragon.
The komodo dragon is almost dead.
The komodo dragon bites you!!
You die...

...#### #..
......P #..
......# #..
%.....# ..# l....
#.# l...
#.###l#..##
###.##@#.....
#.............
##............
##...............
#P...............
#...............P
##..#.P...#.....#
#..#............#
#..#......#.....#


You could see 3 komodo dragons.

Vanquished Creatures
  Pikel (D:6)
  A glowing orange brain (Abyss:1)
  6 spiny frogs
  Grinder (D:6)
  2 hippogriffs
  Sigmund (D:2)
  6 yaks (Lair:1)
  A human (D:7)
  4 hogs (D:7)
  2 water moccasins (Lair:1)
  A porcupine (Lair:1)
  5 orc warriors
  3 ice beasts
  A sky beast (D:5)
  A necrophage (D:7)
  4 slaves (D:6)
  3 ogres
  2 centaurs
  3 crocodiles (Lair:1)
  A big kobold (D:7)
  6 bullfrogs
  A water moccasin zombie (Ossuary)
  3 scorpions
  5 killer bees
  2 howler monkeys (D:8)
  2 bullfrog zombies
  6 hounds
  2 jellies
  Crazy Yiuf (D:4)
  3 centaur zombies
  8 orc priests
  A centaur skeleton (D:4)
  2 iguanas
  10 orc wizards
  4 worker ants
  A killer bee zombie (Ossuary)
  3 hound zombies
  14 mummies (Ossuary)
  4 worker ant zombies
  A howler monkey zombie (Ossuary)
  A gnoll (D:1)
  6 adders
  A shadow imp (D:7)
  2 oozes
  2 adder skeletons
  4 worms (D:2)
  2 dart slugs
  8 leopard geckos
  49 orcs
  8 bats
  4 giant cockroaches
  11 hobgoblins
  6 jackals
  2 quokkas
  3 frilled lizards
  A giant cockroach zombie (Ossuary)
  10 goblins
  2 jackal zombies
  8 kobolds
  A leopard gecko zombie (D:5)
  A quokka zombie (Ossuary)
  8 rats
268 creatures vanquished.

Vanquished Creatures (others)
  A spiny frog (Lair:1)
  A plant (Lair:1)
  A withered plant (Ossuary)
3 creatures vanquished.

Grand Total: 271 creatures vanquished

Notes
Turn   | Place    | Note
-------+----------+-------------------------------------------
     0 | Abyss:1  | Gargoyl the Centaur Abyssal Knight began the quest for the
                  | Orb.
     0 | Abyss:1  | Reached XP level 1. HP: 19/19 MP: 2/2
   107 | Abyss:1  | Noticed a glowing orange brain
   125 | Abyss:1  | Noticed a ynoxinul
   125 | Abyss:1  | Noticed a tentacled starspawn
   125 | Abyss:1  | Noticed a purple very ugly thing
   125 | Abyss:1  | Noticed a purple ugly thing
   125 | Abyss:1  | Noticed a purple ugly thing
   125 | Abyss:1  | Noticed a purple ugly thing
   127 | Abyss:1  | Killed a glowing orange brain
   127 | Abyss:1  | Reached XP level 2. HP: 4/30 MP: 2/4
   127 | Abyss:1  | Reached XP level 3. HP: 5/37 MP: 2/5
   127 | Abyss:1  | Reached XP level 4. HP: 6/44 MP: 2/6
   127 | Abyss:1  | Reached XP level 5. HP: 7/50 MP: 2/7
   127 | Abyss:1  | Reached XP level 6. HP: 8/57 MP: 2/8
   147 | Abyss:1  | Noticed a tentacled starspawn
   195 | Abyss:1  | Noticed a wizard
   199 | D:1      | Escaped the Abyss
   663 | D:1      | Reached * piety under Lugonu
  1118 | D:2      | Reached XP level 7. HP: 57/63 MP: 9/9
  1423 | D:2      | Noticed Sigmund
  1447 | D:2      | Killed Sigmund
  1447 | D:2      | Reached skill level 1 in Dodging
  1704 | D:2      | Found a bloodstained altar of Trog.
  2136 | D:3      | Reached ** piety under Lugonu
  3549 | D:4      | Found a runed translucent door.
  3550 | D:4      | Noticed Crazy Yiuf
  3597 | D:4      | Reached XP level 8. HP: 71/71 MP: 11/11
  3884 | D:4      | Reached *** piety under Lugonu
  4278 | D:4      | Killed Crazy Yiuf
  4423 | D:5      | Entered Level 5 of the Dungeon
  4650 | D:5      | Reached skill level 5 in Axes
  5071 | D:5      | Found a staircase to the Ecumenical Temple.
  5343 | D:6      | Reached skill level 5 in Invocations
  5574 | D:6      | Noticed Grinder
  5590 | D:6      | Paralysed by Grinder for 4 turns
  5601 | D:6      | Paralysed by Grinder for 5 turns
  5607 | D:6      | Killed Grinder
  5607 | D:6      | Reached XP level 9. HP: 73/78 MP: 12/12
  5680 | D:6      | Found a sand-covered staircase.
  5688 | Ossuary  | Entered an ossuary
  5820 | Ossuary  | Gained mutation: Your muscles are strong. (Str +2) [potion
                  | of mutation]
  5820 | Ossuary  | Gained mutation: You occasionally shout uncontrollably at
                  | your foes. [potion of mutation]
  5820 | Ossuary  | Gained mutation: Your mind is acute. (Int +2) [potion of
                  | mutation]
  6206 | Ossuary  | Reached **** piety under Lugonu
  6407 | Ossuary  | Reached skill level 1 in Throwing
  6644 | D:6      | Reached skill level 5 in Armour
  6648 | D:6      | Noticed Pikel
  6666 | D:6      | Killed Pikel
  8305 | D:7      | Reached XP level 10. HP: 45/86 MP: 14/14
  8491 | D:7      | Found a shimmering blue altar of Sif Muna.
  9586 | D:8      | Found a staircase to the Lair.
  9608 | D:8      | Found a blossoming altar of Fedhas.
  9637 | D:8      | Found a flagged portal.
  9643 | Bailey   | Entered a bailey
  9701 | D:8      | Reached ***** piety under Lugonu
 10460 | Lair:1   | Entered Level 1 of the Lair of Beasts
 10560 | Lair:1   | Noticed a spiny frog
 10573 | Lair:1   | Killed a spiny frog
 10622 | Lair:1   | Noticed a spiny frog
 10631 | Lair:1   | Banished a spiny frog
 10923 | Lair:1   | Noticed a spiny frog
 10928 | Lair:1   | Killed a spiny frog
 11046 | Lair:1   | Noticed a spiny frog
 11052 | Lair:1   | Killed a spiny frog
 11052 | Lair:1   | Reached XP level 11. HP: 81/94 MP: 16/16
 11904 | Lair:2   | Slain by a komodo dragon

Levels and vault maps discovered:
D:1:      dpeg_arrival_line_fractal, layout_loops_ring, minmay_pentomino_v4
D:2:      layout_basic, trog_hazing_becter, uniq_sigmund
D:3:      layout_rooms
D:4:      layout_gridville, uniq_crazy_yiuf_cottage
D:5:      layout_rooms, minmay_temple_entry_statues_fountains, first_ration
D:6:      layout_rooms, nicolae_ossuary_entry_plus, uniq_grinder, uniq_pikel
D:7:      layout_layer_cave, led_sif_pool, dk_noncrumbling_2, grunt_livestock
D:8:      layout_rooms, lair_entry_dummy, enter_bailey_3, special_room
          [special_room_orc], fedhas_altar_3
D:9:      layout_cave_pools, hiddenorc2_lemuel, gammafunk_ghost_stat_death,
          serial_shops, nicolae_shop_crystal
Lair:1:   layout_cave_pods, beast_lair_carwin_6, grunt_megastairs_1,
          serial_bayou_shore_b
Lair:2:   layout_regular_city, minmay_shoals_entry_centaurs,
          minmay_snake_entry_six_corridors, st_stairs_5,
          chequers_serial_rivers_large_b, beast_lair_carwin_2,
          grunt_megastairs_4

Skill      XL: |  1  2  3  4  5  6  7  8  9 10 11 |
---------------+----------------------------------+-----
Fighting       | 6 7 8 |  8.0
Axes           | 3 4 5 6 8 |  8.4
Armour         | 2 3 4 5 7 |  7.4
Invocations    | 3 4 5 6 7 |  7.6
Dodging        | 2 3 4 |  4.7
Throwing       | 1 2 3 |  3.0

Action                   |  1- 3 |  4- 6 |  7- 9 | 10-12 || total
-------------------------+-------+-------+-------+-------++-------
Melee: Hand axe          |    15 |    57 |   624 |   292 ||   988
       Kick              |     5 |    11 |   181 |   127 ||   324
       Broad axe         |       |       |       |    80 ||    80
Throw: Boomerang         |       |       |    28 |    31 ||    59
Invok: Depart the Abyss  |       |     1 |       |       ||     1
       Banish            |       |       |       |     1 ||     1
  Use: Scroll            |     1 |     1 |    12 |     6 ||    20
       Potion            |       |       |    12 |       ||    12
  Eat: Chunk             |       |       |    17 |     7 ||    24
       Ration            |       |       |     1 |     1 ||     2
Armor: Leather armour    |       |    23 |    14 |       ||    37
       Scale mail        |       |       |   250 |       ||   250
       Skin              |       |       |    26 |       ||    26
       Plate armour      |       |       |    54 |   304 ||   358
Dodge: Dodged            |     3 |    25 |   207 |    83 ||   318

Table legend:
 A = Non-vault XP
 B = Vault XP
 C = Vault XP percentage of total XP
 D = Non-vault monster count
 E = Vault monster count
 F = Vault count percentage of total count
                 A         B        C        D         E       F
            +---------+---------+-------+---------+---------+-------
      Total |    8616 |    5312 |  38.1 |     183 |      82 |  30.9
            +---------+---------+-------+---------+---------+-------
        D:1 |      50 |       4 |   7.4 |      21 |       4 |  16.0
        D:2 |      51 |     240 |  82.5 |      13 |       7 |  35.0
        D:3 |      84 |       0 |   0.0 |      21 |       0 |   0.0
        D:4 |     658 |      42 |   6.0 |      33 |       1 |   2.9
        D:5 |     685 |       0 |   0.0 |      19 |       0 |   0.0
        D:6 |     614 |     950 |  60.7 |      19 |       2 |   9.5
        D:7 |    1603 |     963 |  37.5 |      31 |       5 |  13.9
        D:8 |     619 |     756 |  55.0 |      10 |      29 |  74.4
     Lair:1 |    3181 |    1637 |  34.0 |      14 |       7 |  33.3
     Lair:2 |     403 |       0 |   0.0 |       1 |       0 |   0.0
    Abyss:1 |     668 |       0 |   0.0 |       1 |       0 |   0.0
    Ossuary |       0 |     720 | 100.0 |       0 |      27 | 100.0
            +---------+---------+-------+---------+---------+-------
